 Dungeon Crawl Stone Soup version 0.30-a0-465-g8901f6c8b5 (webtiles) character file.

Game seed: 6899102955670820448

1919 drugrobin the Spear-Bearer (level 8, -11/62 HPs)
             Began as a Demigod Delver on Dec 18, 2022.
             Killed from afar by Maggie (19 damage)
             ... with a bolt of fire
             ... on level 6 of the Dungeon.
             The game lasted 00:15:14 (5323 turns).

drugrobin the Spear-Bearer (Demigod Delver)         Turns: 5323, Time: 00:15:14

Health: -11/62     AC:  7    Str: 26    XL:     8   Next: 64%
Magic:  10/10      EV: 15    Int: 12    God:
Gold:   134        SH:  5    Dex: 17    Spells: 3/7 levels left

rFire   . . .      SeeInvis .    a - +7 trident "Ypray" {freeze, *Noise Str+5 Dex+2}
rCold   . . .      Faith    .    (no shield)
rNeg    . . .      Spirit   .    D - +1 ring mail {rPois}
rPois   +          Reflect  +    (no helmet)
rElec   .          Harm     .    s - +0 cloak
rCorr   .          Rampage  .    (no gloves)
Will    .....                    (no boots)
Stlth   ++........               i - amulet of reflection
HPRegen 0.30/turn                w - ring of wizardry
MPRegen 0.12/turn                A - +4 ring of evasion

@: no status effects
A: high MP 1, forlorn, divine attributes
a: no special abilities


You were on level 6 of the Dungeon.
You visited 1 branch of the dungeon, and saw 6 of its levels.

You collected 316 gold pieces.
You spent 182 gold pieces at shops.

Inventory:

Hand Weapons
 a - the +7 trident "Ypray" (weapon) {freeze, *Noise Str+5 Dex+2}
   (You found it on level 5 of the Dungeon)

   It freezes those it strikes, dealing additional cold damage.
   It can also slow down cold-blooded creatures.
   Str:       It affects your strength (+5).
   Dex:       It affects your dexterity (+2).
   *Noise:    It may make noises in combat.
 b - a +2 scythe of venom
Missiles
 k - 15 poisoned darts (quivered)
Armour
 s - a +0 cloak (worn)
 D - a +1 ring mail of poison resistance (worn)
Magical Staves
 y - a staff of air
Jewellery
 i - an amulet of reflection (around neck)
 w - a ring of wizardry (left hand)
 A - a +4 ring of evasion (right hand)
 F - a ring of protection from cold
 G - a ring of poison resistance
Wands
 f - a wand of digging (3)
 E - a wand of roots (6)
Scrolls
 c - 2 scrolls of magic mapping
 d - a scroll of fear
 g - 2 scrolls of fog
 m - 4 scrolls of teleportation {unknown}
 q - 2 scrolls of poison {unknown}
 r - 4 scrolls of enchant weapon {unknown}
 x - 3 scrolls of noise {unknown}
 B - 2 scrolls of immolation {unknown}
 C - 2 scrolls of identify {unknown}
Potions
 e - a potion of haste
 h - a potion of brilliance {unknown}
 j - 2 potions of magic {unknown}
 l - 2 potions of lignification {unknown}
 n - 2 potions of attraction {unknown}
 o - 3 potions of curing {unknown}
 p - 3 potions of ambrosia {unknown}
 t - a potion of berserk rage {unknown}
 u - a potion of heal wounds {unknown}
 v - a potion of cancellation {unknown}
 z - a potion of flight {unknown}
 H - a potion of might {unknown}
 I - a potion of degeneration {unknown}


   Skills:
 - Level 2.9 Fighting
 + Level 10.6 Polearms
 - Level 1.7 Dodging
 - Level 4.5 Stealth
 - Level 1.7 Unarmed Combat


You had 3 spell levels left.
You knew the following spells:

 Your Spells              Type           Power      Damage    Failure   Level
a - Momentum Strike       Conj/Tloc      0%         3d8       28%         2
b - Blink                 Tloc           0%         N/A       28%         2

Your spell library contained the following spells:

 Spells                   Type           Power      Damage    Failure   Level
 Freeze                   Ice            0%         1d3       21%         1
 Frozen Ramparts          Ice            0%         1d1       50%         3
 Hailstorm                Conj/Ice       0%         3d3       50%         3
 Lesser Beckoning         Tloc           0%         N/A       50%         3


Dungeon Overview and Level Annotations

Branches:
Dungeon (6/15)
 Temple: D:4-7

Shops:
D:3 [   D:5 *

Annotations:
D:6 Maggie


Innate Abilities, Weirdness & Mutations

You have an increased reservoir of magic. (+10% MP)
You shall have no god before yourself.
Your divine heritage dramatically boosts your attributes as you level up.


Message History

Your +2 scythe of venom stops dripping with poison.
You feel stronger.
You feel agile.
The +7 trident "Ypray" {freeze, *Noise Str+5 Dex+2} glows with a cold blue light!
a - the +7 trident "Ypray" (weapon)
{freeze, *Noise Str+5 Dex+2} You barely miss Maggie.
Maggie is heavily wounded.
Maggie hits you with a +3 broad axe of freezing!
Maggie freezes you.
Unknown command.
Unknown command.
You closely miss Maggie.
Maggie is heavily wounded.
Maggie completely misses you.
Unknown command.
Unknown command.
Unknown command.
You barely miss Maggie.
Maggie is heavily wounded.
Unknown command.
Unknown command.
Unknown command.
You puncture Maggie! You freeze Maggie.
Maggie is severely wounded.
Maggie hits you with a +3 broad axe of freezing!
* * * LOW HITPOINT WARNING * * *
Maggie freezes you.
* * * LOW HITPOINT WARNING * * *
Unknown command.
Unknown command.
Unknown command.
Unknown command.
Unknown command.
Unknown command.
Okay, then.
Okay, then.
As you read the scroll of fear, it crumbles to dust.
You assume a fearsome visage.
Maggie looks frightened!
Maggie points at you and mumbles some strange words.
The bolt of fire hits you!!
You die...

.. #######...## ..
#........... .##
#........... ..#
##.........## ..
#..........## ~ #.##
##.#..#####.## ~..###..#
#..#.## #...#
≈P~.....@####.##.#####...#
.≈~~......@................
~≈≈~............##...###...#
~~≈~..[............### #####
.~~~P..........##.##
~~~~.......#......#
~≈~S~.........#..##
≈≈≈~~~.....##.)...#
~≈≈≈≈~...#####.)..#
~~≈≈~...## ###.#..# ####


You could see Maggie (fleeing, very poisoned).

Vanquished Creatures
  Sigmund (D:2)
  A sky beast (D:4)
  2 ice beasts (D:6)
  An ogre (D:4)
  2 phantoms (D:5)
  3 bullfrogs
  A necrophage (D:3)
  2 scorpions
  An electric eel (D:6)
  5 hounds
  A jelly (D:6)
  A gnoll bouda (D:5)
  4 orc priests
  2 iguanas (D:5)
  4 orc wizards (D:6)
  Natasha (thrice) (D:2)
  10 gnolls
  7 adders
  3 shadow imps (D:4)
  3 white imps (D:4)
  An ufetubus (D:4)
  A worm (D:2)
  2 dart slugs (D:1)
  17 orcs
  10 ball pythons
  7 endoplasms
  5 giant cockroaches
  7 goblins
  2 hobgoblins
  8 kobolds
  4 quokkas
  8 bats
  3 frilled lizards
  5 rats
137 creatures vanquished.

Vanquished Creatures (others)
  A demonic plant (D:4)
  17 plants
18 creatures vanquished.

Grand Total: 155 creatures vanquished

Notes
Turn   | Place    | Note
-------+----------+-------------------------------------------
     0 | D:5      | drugrobin the Demigod Delver began the quest for the Orb.
     0 | D:5      | Reached XP level 1. HP: 18/18 MP: 3/3
    22 | D:5      | Identified the +7 trident "Ypray" {freeze, *Noise Str+5
                  | Dex+2}
    51 | D:5      | Reached skill level 1 in Polearms
    51 | D:5      | Reached XP level 2. HP: 25/25 MP: 4/4
    64 | D:5      | Noticed a scorpion
    69 | D:5      | Killed a scorpion
    70 | D:5      | Reached skill level 3 in Polearms
    70 | D:5      | Reached XP level 3. HP: 28/30 MP: 5/5
   315 | D:5      | Reached XP level 4. HP: 37/37 MP: 6/6
   374 | D:5      | Reached skill level 4 in Polearms
   389 | D:5      | Noticed an ogre
   414 | D:4      | Reached XP level 5. HP: 14/44 MP: 7/7
   646 | D:3      | Found Forgh's Antique Armour Shoppe.
   819 | D:3      | Reached skill level 5 in Polearms
  1178 | D:2      | Noticed Natasha
  1181 | D:2      | Killed Natasha
  1182 | D:2      | Reached XP level 6. HP: 50/50 MP: 8/8
  1884 | D:2      | Noticed Sigmund
  1893 | D:2      | Killed Sigmund
  1894 | D:2      | Reached skill level 6 in Polearms
  1929 | D:2      | Noticed Natasha
  1933 | D:2      | Killed Natasha
  1936 | D:2      | Noticed Natasha
  1942 | D:2      | Killed Natasha
  2860 | D:3      | Learned a level 2 spell: Blink
  2951 | D:3      | Bought a glowing ring mail for 182 gold pieces
  2966 | D:3      | Learned a level 2 spell: Momentum Strike
  3078 | D:4      | Reached skill level 7 in Polearms
  3078 | D:4      | Reached XP level 7. HP: 51/56 MP: 4/9
  3830 | D:5      | Reached skill level 8 in Polearms
  4025 | D:5      | Found Sedoxer's Fire Supplies.
  4404 | D:5      | Reached XP level 8. HP: 45/62 MP: 10/10
  4406 | D:5      | Reached skill level 9 in Polearms
  4663 | D:6      | Reached skill level 10 in Polearms
  5306 | D:6      | Noticed Maggie
  5323 | D:6      | Killed from afar by Maggie

Illustrated notes

Levels and vault maps discovered:
D:1:      dreamdust_arrival_sigmund_warning, layout_basic,
          chequers_ecumenical_altar_simple_redux,
          hangedman_abyss_or_decor_lesser_grid
D:2:      layout_loops_cross, serial_forest, infiniplex_forest_end_1,
          infiniplex_forest_clump_large, infiniplex_forest_clump_long,
          infiniplex_forest_lined_room_3, infiniplex_forest_zigzag_1,
          infiniplex_forest_lined_ring, infiniplex_forest_lined_room_2,
          infiniplex_forest_diagonal, uniq_natasha, uniq_sigmund
D:3:      layout_loops_corners, serial_shops,
          nicolae_shop_temple_entry_statues_fountains
D:4:      layout_gridville, serial_demonic, serial_demonic_f, serial_demonic_c,
          serial_demonic_e, serial_demonic_g
D:5:      corexii_shack_village, layout_basic, nicolae_overflow_squiral,
          nicolae_shop_fire_sale [nicolae_sub_dead_trees],
          hangedman_decor_riveting
D:6:      layout_rooms, chequers_big_river, uniq_maggie

Skill      XL: |  1  2  3  4  5  6  7  8 |
---------------+-------------------------+-----
Polearms       | 1 3 4 5 7 8 10 | 10.6
Fighting       | |  2.9
Dodging        | |  1.7
Stealth        | |  4.5
Unarmed Combat | |  1.7

Action                   |  1- 3 |  4- 6 |  7- 9 || total
-------------------------+-------+-------+-------++-------
Melee: Trident           |    13 |   131 |   118 ||   262
       Halberd           |       |     9 |    39 ||    48
       Punch             |       |     1 |       ||     1
       Staff             |       |       |    11 ||    11
Throw: Dart              |       |     5 |    13 ||    18
 Cast: Blink             |       |     2 |       ||     2
       Momentum Strike   |       |       |     8 ||     8
  Use: Scroll            |       |       |     1 ||     1
 Stab: Sleeping          |     3 |       |     3 ||     6
Armor: Leather armour    |     1 |       |       ||     1
       Chain mail        |     1 |    44 |       ||    45
       Ring mail         |       |     2 |    29 ||    31
Dodge: Dodged            |     2 |    32 |    59 ||    93
Block: Other             |     1 |    14 |    23 ||    38
       Reflection        |       |     2 |       ||     2

Table legend: (Time is in decaauts)
 A = Elapsed time spent in this place.
 B = Non-inter-level travel time spent in this place.
 C = Inter-level travel time spent in this place.
 D = Time resting spent in this place.
 E = Time spent auto-exploring this place.
 F = Levels seen in this place.
 G = Mean time per level.
                   A        B        C        D        E       F      G
               +--------+--------+--------+--------+--------+-----+--------+
         Total |   5306 |   5133 |    173 |    404 |   3613 |   6 |  884.3 |
       Dungeon |   5306 |   5133 |    173 |    404 |   3613 |   6 |  884.3 |
               +--------+--------+--------+--------+--------+-----+--------+

Top non-repeatable levels by time:
     D:5: 1060 daAuts
     D:4: 1032 daAuts
     D:2: 900 daAuts
     D:3: 859 daAuts
     D:6: 814 daAuts
     D:1: 639 daAuts
